 Dungeon Crawl Stone Soup version 0.22-b1-21-g5cfc168 (webtiles) character file.

245 tyranidshit the Skirmisher (level 5, -5/47 HPs)
             Began as a Demonspawn Abyssal Knight on Aug 5, 2018.
             Was a Believer of Lugonu.
             Killed from afar by a white imp (7 damage)
             ... with a puff of frost
             ... summoned by Eustachio
             ... on level 4 of the Dungeon.
             The game lasted 00:04:52 (1891 turns).

tyranidshit the Skirmisher (DsAK)                   Turns: 1891, Time: 00:04:52

Health: -5/47      AC:  7    Str: 13    XL:     5   Next: 84%
Magic:  6/6        EV: 10    Int: 14    God:    Lugonu [**....]
Gold:   52         SH:  0    Dex: 12    Spells: 4/4 levels left

rFire    . . .     SeeInvis .   a - +1 hand axe
rCold    . . .     Gourm    .   (no shield)
rNeg     . . .     Faith    .   g - +0 ring mail
rPois    +         Spirit   .   (helmet restricted)
rElec    .         Reflect  .   (no cloak)
rCorr    .         Harm     .   (no gloves)
MR       .....                  k - +1 pair of boots
Stlth    +.........             (no amulet)
HPRegen  0.15/turn              f - ring of poison resistance
MPRegen  0.10/turn              (no ring)

@: no status effects
A: horns 2, powered by pain 2
a: Depart the Abyss, Bend Space, Renounce Religion


You were on level 4 of the Dungeon.
You worshipped Lugonu.
Lugonu was pleased with you.
You were not hungry.

You visited 1 branch of the dungeon, and saw 5 of its levels.
You visited the Abyss 1 time.

You collected 52 gold pieces.

Inventory:

Hand Weapons
 a - a +1 hand axe (weapon)
Armour
 b - a +0 leather armour
 g - a +0 ring mail (worn)
 k - a +1 pair of boots (worn)
Jewellery
 f - a ring of poison resistance (left hand)
Scrolls
 d - 3 scrolls of identify
 i - a scroll of fog
 j - a scroll of remove curse
Potions
 e - a potion of flight
Comestibles
 c - 5 rations


   Skills:
 + Level 6.6 Fighting
 - Level 1.7 Axes
 - Level 1.7 Armour
 - Level 0.8 Dodging
 - Level 2.4 Invocations


You had 4 spell levels left.
You didn't know any spells.
Your spell library was empty.

Dungeon Overview and Level Annotations

Branches:
Dungeon (5/15)
 Temple: D:4-7

Altars:
Ru

Portals:
Ossuary: D:4

Annotations:
D:4 Eustachio, Menkaure
D:5 1 transporter, Pikel


Innate Abilities, Weirdness & Mutations

You have a pair of horns on your head.
You sometimes gain power by taking damage.


Message History

The white imp completely misses you.
The water moccasin skeleton barely misses you.
The white imp hits you but does no damage.
The shadow imp disappears for a moment.
The shadow imp hits you.
* * * LOW HITPOINT WARNING * * *
Okay, then.
Okay, then.
The white imp barely misses you.
The shadow imp grins evilly.
The shadow imp barely misses you.
The shadow imp disappears in a puff of smoke!
The white imp gestures at you. The puff of frost hits you!
* * * LOW HITPOINT WARNING * * *
Eustachio mumbles some strange words.
The white imp disappears in a puff of smoke!
The white imp gestures at you. The puff of frost hits you!
You die...

####################
#......§...........#
#.........@...5§Z..#
#..........r.$..@..#
..########∩#########
#.# #.# ... .∩.
..... #####


You could see Eustachio, a white imp, a quokka and a water moccasin skeleton.

Vanquished Creatures
  A scorpion (D:4)
  A howler monkey (D:5)
  Jessica (D:2)
  Terence (D:2)
  4 adders
  A worm (D:3)
  A leopard gecko (D:1)
  An orc (D:4)
  A bat (D:1)
  7 giant cockroaches
  10 goblins
  12 hobgoblins
  8 jackals
  A ball python (D:3)
  4 frilled lizards
  3 kobolds
  8 rats
65 creatures vanquished.

Notes
Turn   | Place    | Note
-------+----------+-------------------------------------------
     0 | Abyss:1  | tyranidshit the Demonspawn Abyssal Knight began the quest for the Orb.
     0 | Abyss:1  | Reached XP level 1. HP: 18/18 MP: 2/2
    55 | Abyss:1  | Found a corrupted altar of Lugonu.
   180 | Abyss:1  | Noticed an ancient zyme
   181 | D:1      | Escaped the Abyss
   269 | D:1      | Gained mutation: You sometimes gain a little power by taking damage. [demonic ancestry]
   269 | D:1      | Reached XP level 2. HP: 13/24 MP: 3/3
   273 | D:1      | Reached * piety under Lugonu
   440 | D:1      | Reached skill level 4 in Fighting
   553 | D:1      | Gained mutation: You have a pair of small horns on your head. [demonic ancestry]
   553 | D:1      | Reached XP level 3. HP: 26/30 MP: 4/4
   698 | D:2      | Noticed Jessica
   704 | D:2      | Killed Jessica
   729 | D:2      | Noticed Terence
   732 | D:2      | Reached skill level 5 in Fighting
   732 | D:2      | Gained mutation: You sometimes gain power by taking damage. [demonic ancestry]
   732 | D:2      | Reached XP level 4. HP: 8/39 MP: 5/5
   990 | D:2      | Killed Terence
  1442 | D:2      | Gained mutation: You have a pair of horns on your head. [demonic ancestry]
  1442 | D:2      | Reached XP level 5. HP: 37/46 MP: 6/6
  1550 | D:2      | Found a sacrificial altar of Ru.
  1661 | D:3      | Reached ** piety under Lugonu
  1688 | D:3      | You fall through a shaft for 2 floors!
  1688 | D:5      | Entered Level 5 of the Dungeon
  1688 | D:5      | Noticed Pikel
  1688 | D:5      | Noticed a slave
  1688 | D:5      | Noticed a slave
  1688 | D:5      | Noticed a slave
  1688 | D:5      | Noticed a slave
  1704 | D:5      | Noticed a phantom
  1726 | D:5      | Found a transporter.
  1735 | D:5      | Reached skill level 6 in Fighting
  1839 | D:4      | Noticed Menkaure
  1862 | D:4      | Found a sand-covered staircase.
  1862 | D:4      | Noticed Eustachio
  1890 | D:4      | HP: 2/47 [white imp/puff of frost[Eustachio] (4)]
  1891 | D:4      | Killed from afar by a white imp

Skill      XL: |  1  2  3  4  5 |
---------------+----------------+-----
Fighting       | 4 5 6 |  6.6
Axes           | |  1.7
Armour         | |  1.7
Dodging        | |  0.8
Invocations    | |  2.4

Action                   |  1- 3 |  4- 6 || total
-------------------------+-------+-------++-------
Melee: Hand axe          |    87 |   130 ||   217
       Headbutt          |     1 |     6 ||     7
Invok: Depart the Abyss  |     1 |       ||     1
  Use: Potion            |     4 |     3 ||     7
       Scroll            |     2 |     6 ||     8
  Eat: Ration            |       |     1 ||     1
Armor: Leather armour    |     5 |       ||     5
       Ring mail         |    41 |    70 ||   111
Dodge: Dodged            |    60 |    95 ||   155
